 Dungeon Sprint DCSS version 0.21-a0-110-g8e1637b (webtiles) character file.

1260 Kidiri the Covert (level 8, -5/42 HPs)
             Began as a Spriggan Enchanter on July 8, 2017.
             Slain by a hornet (16 damage)
             ... while paralysed by a hornet
             ... in the Dungeon (Sprint II: "The Violet Keep of Menkaure").
             The game lasted 00:05:12 (871 turns).

Kidiri the Covert (Spriggan Enchanter)               Turns: 871, Time: 00:05:13

Health: -5/42      AC:  2    Str:  4    XL:     8   Next: 27%
Magic:  1/22       EV:  4    Int: 22    God:
Gold:   21         SH:  0    Dex: 18    Spells: 13/25 levels left

rFire    . . .     SeeInvis +   a - +1 dagger
rCold    . . .     Gourm    .   k - +0 buckler
rNeg     . . .     Faith    +   b - +0 robe
rPois    .         Spirit   .   (helmet restricted)
rElec    .         Reflect  .   (no cloak)
rCorr    .         Harm     .   (gloves unavailable)
MR       +....     NoTele   +   (boots unavailable)
Stlth    +++++.....             i - amulet "Qafeuqacs" {Faith +Fly Int+5}
HPRegen  0.14/turn              (no ring)
MPRegen  0.18/turn              (no ring)

@: paralysed, very slightly contaminated, very quick
A: unfitting armour, see invisible, herbivore 3, speed 3, slow metabolism 2
a: Evoke Flight


You were in the Dungeon.
You were not hungry.

You visited 1 branch You collected 972 gold pieces.
You spent 951 gold pieces at shops.

Inventory:

Hand Weapons
 a - a +1 dagger (weapon)
Armour
 b - a +0 robe (worn)
 k - a +0 buckler (worn)
Jewellery
 i - the amulet "Qafeuqacs" (around neck) {Faith +Fly Int+5}
   (You bought it in a shop in the Dungeon)

   [amulet of faith]

   It allows you to gain divine favour quickly.
   It affects your intelligence (+5).
   It lets you fly.
Scrolls
 h - a scroll of remove curse {unknown}
 j - a scroll of blinking
Potions
 g - a potion of haste
Books
 c - a book of Maledictions

   Spells                             Type                      Level
   a - Corona                         Hexes                        1
   b - Ensorcelled Hibernation        Hexes/Ice                    2
   c - Confuse                        Hexes                        3
   d - Tukima's Dance                 Hexes                        3
   e - Dazzling Spray                 Conjuration/Hexes            3
Comestibles
 d - a bread ration


   Skills:
 + Level 4.2 Fighting
 * Level 8.4 Short Blades
 + Level 3.8 Armour
 * Level 10.9 Dodging
 * Level 12.1 Stealth
 + Level 0.0 Shields
 * Level 9.4 Spellcasting
 + Level 0.0 Conjurations
 + Level 7.5 Hexes
 + Level 4.1 Ice Magic


You had 13 spell levels left.
You knew the following spells:

 Your Spells              Type           Power        Failure   Level  Hunger
a - Corona                Hex            #####..      1%          1    None
b - Ensorcelled Hibernat  Hex/Ice        #####.       1%          2    None
c - Confuse               Hex            #####...     1%          3    None
d - Tukima's Dance        Hex            #####...     1%          3    None
e - Dazzling Spray        Conj/Hex       ####..       7%          3    None


Dungeon Overview and Level Annotations

Branches:
Dungeon (1/1)

Altars:
Cheibriados
Dithmenos
Elyvilon
Fedhas
Gozag
Hepliaklqana
Kikubaaqudgha
Makhleb
Nemelex Xobeh
Okawaru
Qazlal
Ru
Sif Muna
Trog
Uskayaw
Vehumet
Wu Jian
Xom
Yredelemnul
Zin
The Shining One
Beogh
Jiyva
Lugonu

Shops:
D ::[[!![:?=:%=}(:

Annotations:
D exclusion: oklob plant


Innate Abilities, Weirdness & Mutations

You are very small and have problems with some larger weapons.
You are too small for most types of armour.
You have supernaturally acute eyesight. (SInv)
You are a herbivore.
You cover ground extremely quickly.
You need consume almost no food.


Message History

The hornet is lightly wounded.
The polar bear is no longer blind.
The hornet completely misses you.
You hit the hornet.
The hornet is lightly wounded.
The hornet misses you.
You hit the hornet.
The hornet is moderately wounded.
The polar bear bites the polar bear.
The polar bear barely misses the polar bear.
The polar bear claws the polar bear but does no damage.
The polar bear growls angrily.
You hit the hornet but do no damage.
The hornet is moderately wounded.
The polar bear seems less confused.
The hornet stings you!
You suddenly lose the ability to move!
The polar bear seems less confused.
The hornet stings you!
* * * LOW HITPOINT WARNING * * *
You shrug off the repeated paralysis!
A bolt misses the polar bear!
The hornet stings you!
You die... ##.# ...# ...# ## #.####..## #..# .# !$$ +###.##..# +..# .# ?$? %##..##..# #..# .# %(!$

<.+##.+..####..##.#▓$[)[
.##..##....###^h.##▓▓▓▓▓
+###.##......≈hhc≈≈≈≈≈≈≈
#.####≈≈..§§.≈#y########
#..#≈≈≈≈≈≈≈§.≈#_@_._...#
..##≈≈≈≈§≈≈≈§≈#._._._._#
+##≈≈§≈≈§≈≈≈≈≈#_._._._.#
≈≈≈≈≈≈≈§≈≈≈≈≈≈#._._._._#
#+++#≈§≈§§§≈≈≈#.._._._.#
§≈≈ ##≈≈≈###≈≈#..._._._#
§§≈§≈ #≈≈#...._._.#
8≈§§≈≈+ #§§#....._..#
§≈§§≈##


You could see 3 polar bears, a yaktaur and a hornet.

Vanquished Creatures
  2 hippogriffs (D)
  A blink frog (D)
  4 neqoxecs (D)
  Menkaure (D)
  4 worker ants (D)
  3 worms (D)
15 creatures vanquished.

Vanquished Creatures (others)
  A crocodile (D)
1 creature vanquished.

Grand Total: 16 creatures vanquished

Notes
Turn   | Place    | Note
-------+----------+-------------------------------------------
     0 | D        | Kidiri the Spriggan Enchanter began the quest for the Orb.
     0 | D        | Reached XP level 1. HP: 9/9 MP: 5/5
     1 | D        | Noticed a worker ant
     1 | D        | Noticed a worker ant
     1 | D        | Noticed a worker ant
     1 | D        | Noticed a worker ant
     5 | D        | Noticed a neqoxec
    89 | D        | Killed a crocodile
   116 | D        | Reached skill level 5 in Stealth
   116 | D        | Reached XP level 2. HP: 14/14 MP: 7/7
   139 | D        | Learned a level 2 spell: Ensorcelled Hibernation
   175 | D        | Reached skill level 1 in Fighting
   175 | D        | Reached skill level 1 in Armour
   175 | D        | Reached skill level 6 in Stealth
   175 | D        | Reached XP level 3. HP: 14/18 MP: 3/9
   177 | D        | Reached skill level 5 in Dodging
   177 | D        | Reached skill level 1 in Ice Magic
   185 | D        | Reached XP level 4. HP: 8/23 MP: 8/11
   187 | D        | Reached skill level 7 in Stealth
   192 | D        | Learned a level 3 spell: Confuse
   196 | D        | Learned a level 3 spell: Tukima's Dance
   200 | D        | Learned a level 3 spell: Dazzling Spray
   449 | D        | Noticed a hippogriff
   449 | D        | Noticed a hippogriff
   455 | D        | Killed a hippogriff
   455 | D        | Reached skill level 5 in Short Blades
   455 | D        | Reached skill level 9 in Stealth
   455 | D        | Reached skill level 5 in Hexes
   455 | D        | Reached XP level 5. HP: 20/28 MP: 4/15
   455 | D        | Reached XP level 6. HP: 22/32 MP: 4/16
   619 | D        | Killed a hippogriff
   619 | D        | Reached skill level 10 in Stealth
   628 | D        | Noticed Menkaure
   629 | D        | Found Waongu's Book Shoppe.
   630 | D        | Killed Menkaure
   630 | D        | Reached XP level 7. HP: 36/36 MP: 13/19
   672 | D        | Killed a neqoxec
   672 | D        | Reached skill level 11 in Stealth
   673 | D        | Noticed a neqoxec
   674 | D        | Killed a neqoxec
   674 | D        | Reached skill level 10 in Dodging
   680 | D        | Noticed a neqoxec
   680 | D        | Noticed a neqoxec
   682 | D        | Killed a neqoxec
   684 | D        | Killed a neqoxec
   684 | D        | Reached XP level 8. HP: 42/42 MP: 22/22
   703 | D        | Noticed an ice statue
   708 | D        | Found Maihyuff's Antique Weapon Emporium.
   709 | D        | Found Dumuttug's Jewellery Shoppe.
   710 | D        | Found Zoulozum's Jewellery Shoppe.
   710 | D        | Found Bashriat's Magic Scroll Emporium.
   710 | D        | Found Reemmace's Book Shoppe.
   711 | D        | Noticed a blink frog
   713 | D        | Killed a blink frog
   713 | D        | Reached skill level 12 in Stealth
   717 | D        | Found Uxe Rownit's Distillery.
   717 | D        | Found Hiuvud's Distillery.
   719 | D        | Found Viext's Food Shoppe.
   719 | D        | Found Puikheol's Antique Armour Emporium.
   720 | D        | Found Usifrahu's Antique Armour Shoppe.
   720 | D        | Found Rib Jank's Book Emporium.
   721 | D        | Found Jogeng Buta's Gadget Shoppe.
   721 | D        | Found Rewaomum's Antique Armour Emporium.
   721 | D        | Noticed a shining eye
   722 | D        | Found Roaczaos's Book Emporium.
   725 | D        | Noticed a shining eye
   725 | D        | Noticed a shining eye
   725 | D        | Noticed an oklob plant
   726 | D        | Found Saptetag's Book Shoppe.
   727 | D        | Noticed a death yak
   771 | D        | Bought the amulet "Qafeuqacs" {Faith +Fly Int+5} for 834 gold pieces
   796 | D        | Bought a buckler for 117 gold pieces
   835 | D        | Found an iron altar of Okawaru.
   835 | D        | Found an opulent altar of Gozag.
   836 | D        | Found a sparkling altar of Nemelex Xobeh.
   836 | D        | Found a blossoming altar of Fedhas.
   837 | D        | Found a radiant altar of Vehumet.
   837 | D        | Found a burning altar of Makhleb.
   837 | D        | Found a white marble altar of Elyvilon.
   838 | D        | Found a hide-covered altar of Uskayaw.
   838 | D        | Found a corrupted altar of Lugonu.
   838 | D        | Found a shadowy altar of Dithmenos.
   839 | D        | Found a glowing silver altar of Zin.
   839 | D        | Found a bloodstained altar of Trog.
   839 | D        | Found an ancient bone altar of Kikubaaqudgha.
   840 | D        | Found a basalt altar of Yredelemnul.
   840 | D        | Found a deep blue altar of Sif Muna.
   840 | D        | Found a viscous altar of Jiyva.
   841 | D        | Found a shimmering altar of Xom.
   841 | D        | Found a sacrificial altar of Ru.
   843 | D        | Noticed a polar bear
   843 | D        | Found a glowing golden altar of the Shining One.
   843 | D        | Found an ornate altar of the Wu Jian Council.
   843 | D        | Found a stormy altar of Qazlal.
   843 | D        | Found a snail-covered altar of Cheibriados.
   843 | D        | Found a hazy altar of Hepliaklqana.
   843 | D        | Noticed a hornet
   843 | D        | Noticed a polar bear
   846 | D        | Noticed a polar bear
   848 | D        | Noticed a yaktaur
   861 | D        | Found a roughly hewn altar of Beogh.
   870 | D        | Paralysed by a hornet for 1 turns
   871 | D        | Slain by a hornet

Vault maps used:
D:        the_violet_keep_of_menkaure

Skill      XL: |  1  2  3  4  5  6  7  8 |
---------------+-------------------------+-----
Spellcasting   | 3 4 6 8 9 |  9.4
Short Blades   | 2 3 5 7 8 |  8.4
Dodging        | 4 5 7 9 10 | 10.9
Stealth        | 5 6 9 10 11 12 | 12.1
Fighting       | 1 2 3 4 |  4.2
Armour         | 1 2 3 |  3.8
Hexes          | 4 5 6 7 |  7.5
Ice Magic      | 1 2 3 4 |  4.1

Action                   |  1- 3 |  4- 6 |  7- 9 || total
-------------------------+-------+-------+-------++-------
Melee: Dagger            |    13 |     4 |    18 ||    35
 Cast: Ensorcelled Hiber |     8 |     6 |       ||    14
       Dazzling Spray    |       |     1 |     5 ||     6
       Confuse           |       |       |     2 ||     2
  Use: Potion            |     3 |       |     2 ||     5
 Stab: Sleeping          |     3 |     4 |     5 ||    12
       Confused          |       |       |     1 ||     1
Armor: Robe              |       |       |     2 ||     2
Dodge: Dodged            |     8 |     9 |    31 ||    48
Block: Buckler           |       |       |     4 ||     4
